 Dungeon Crawl Stone Soup version 0.30-b1-2-g02819fbbbe (webtiles) character file.

Game seed: 12979989532650263133

79 greedy the Sneak (level 4, 35/35 HPs)
             Began as a Demonspawn Delver on Dec 27, 2023.
             Quit the game on level 2 of the Dungeon.
             The game lasted 00:03:17 (2184 turns).

greedy the Sneak (Demonspawn Delver)                Turns: 2184, Time: 00:03:18

Health: 35/35      AC:  4    Str: 12    XL:     4   Next: 16%
Magic:  4/4        EV: 12    Int: 12    God:
Gold:   133        SH:  0    Dex: 16    Spells: 3/3 levels left

rFire   . . .        a - +0 falchion
rCold   . . .        (no shield)
rNeg    . . .        b - +0 leather armour
rPois   .            (helmet restricted)
rElec   .            (no cloak)
rCorr   +            (no gloves)
SInv    .            j - +0 pair of boots
Will    .....        (no amulet)
Stlth   +++          i - ring of resist corrosion
HPRegen 0.25/turn    (no ring)
MPRegen 0.18/turn

%: no passive effects
@: no status effects
A: antennae 2, magic regeneration
a: no special abilities


You were on level 2 of the Dungeon.
You visited 1 branch of the dungeon, and saw 5 of its levels.

You collected 133 gold pieces.

Inventory:

Hand Weapons
 a - a +0 falchion (weapon)
Armour
 b - a +0 leather armour (worn)
 j - a +0 pair of boots (worn)
Jewellery
 i - a ring of resist corrosion (left hand)
Wands
 g - a wand of digging (3)
Scrolls
 c - a scroll of fog
 d - 2 scrolls of teleportation {unknown}
 e - 2 scrolls of fear
 f - 6 scrolls of identify {unknown}
 h - 2 scrolls of amnesia {unknown}
 k - a scroll of blinking {unknown}
 m - a scroll of vulnerability {unknown}
 n - a scroll of noise {unknown}
Potions
 l - a potion of haste
 o - a potion of attraction {unknown}


   Skills:
 - Level 3.5 Fighting
 + Level 2.9 Long Blades
 - Level 2.3 Dodging
 - Level 4.8 Stealth


You had 3 spell levels left.
You didn't know any spells.
Your spell library contained the following spells:

 Spells                   Type           Power      Damage    Failure   Level
 Beastly Appendage        Tmut           0%         N/A       38%         1
 Wereblood                Tmut           0%         N/A       54%         2
 Call Canine Familiar     Summ           0%         N/A       77%         3
 Portal Projectile        Hex/Tloc       0%         N/A       77%         3
 Spider Form              Tmut/Pois      0%         N/A       77%         3
 Leda's Liquefaction      Hex/Erth       0%         N/A       99%         4


Dungeon Overview and Level Annotations

Branches:
Dungeon (5/15)
 Temple: D:4-7

Altars:

Shops:
D:1 =


Innate Abilities, Weirdness & Mutations

You have a pair of antennae on your head.
You regenerate magic rapidly.


Message History

No target in view!
No target in view!
There is an open door here.
There is an open door here.
You see here a +0 club.
No target in view!
No target in view!
No target in view!
No target in view!
Found a stone staircase leading up.
No target in view!
A bat is nearby!
You hit the bat but do no damage. The bat hits you but does no damage.
You hit the bat.
The bat is moderately wounded.
The bat hits you but does no damage. The bat barely misses you.
You miss the bat.
The bat is moderately wounded.
The bat misses you. The bat closely misses you.
You hit the bat but do no damage.
The bat is moderately wounded.
The bat hits you but does no damage. The bat barely misses you.
You hit the bat.
You kill the bat!
No target in view!
No target in view!
No target in view!
No target in view!
No target in view!
No target in view!
d - 2 scrolls labelled JEXINTUBOR (gained 1)
You now have 133 gold pieces (gained 11).
Done exploring.
No target in view!
Done exploring.
No target in view!
No target in view!
No target in view!
No target in view!
Are you sure you want to abandon this character and quit the game? (Confirm with "yes".)

....# #######
#.##.###### #
⌠.⌠.#
#.##......###
....#
#.#######.#..
...>#
#########.#
#.#.. ....#
####...).....#
#.#.. ⌠.⌠.#
#....#########
#...# ....#
#^#......<#
#.#.# #####
##.....##..#
###.#
#...##.#@..#
#.#
#...#.##...#
#.#
#..##....###
#.# #.....####
#.. #...###
### #####


There were no monsters in sight!

Vanquished Creatures
  A gnoll (D:2)
  2 adders
  2 worms (D:2)
  3 dart slugs
  2 ball pythons (D:2)
  4 endoplasms
  3 giant cockroaches
  A goblin (D:2)
  3 hobgoblins (D:1)
  4 kobolds
  2 quokkas (D:1)
  9 bats
  3 frilled lizards
39 creatures vanquished.

Notes
Turn   | Place    | Note
-------+----------+-------------------------------------------
     0 | D:5      | greedy the Demonspawn Delver began the quest for the Orb.
     0 | D:5      | Reached XP level 1. HP: 18/18 MP: 1/1
    21 | D:5      | Noticed a phantom
    23 | D:5      | Noticed an iguana
    32 | D:4      | Noticed an orc priest
    74 | D:3      | Gained mutation: You have a pair of small antennae on your
                  | head. [demonic ancestry]
    74 | D:3      | Reached XP level 2. HP: 19/24 MP: 2/2
   442 | D:1      | Found Qanouc's Jewellery Emporium.
   910 | D:1      | Gained mutation: You have a pair of antennae on your head.
                  | [demonic ancestry]
   910 | D:1      | Reached XP level 3. HP: 29/29 MP: 3/3
  1772 | D:2      | Found a faded altar of an unknown god.
  1932 | D:2      | Gained mutation: You regenerate magic rapidly. [demonic
                  | ancestry]
  1932 | D:2      | Reached XP level 4. HP: 35/35 MP: 4/4
  2184 | D:2      | Quit the game

Illustrated notes

Levels and vault maps discovered:
D:1:      dpeg_chamrin_arrival_tetris, layout_basic, serial_shops,
          nicolae_shop_rolling_square
D:2:      layout_basic, shapermc_ecumenical_altar_mp_vishouse,
          minmay_misc_feat_room, grunt_ministairs_3, minmay_pentomino_z2
D:3:      layout_loops_ring, serial_shops, nicolae_shop_drivethru,
          serial_rivers, chequers_serial_rivers_micro_d,
          chequers_serial_rivers_room_b, chequers_serial_rivers_micro_a,
          chequers_serial_rivers_micro_b, chequers_serial_rivers_large_a,
          st_stairs_10, minivault_23, wander_ebering_terrifying_dragon_lair
D:4:      lemuel_castle_with_subvaults [lemuel_castle_interior_carwin_2],
          layout_basic, minmay_temple_entry_trees
D:5:      layout_cave_pools, uniq_blork_the_orc

Skill      XL: |  1 |
---------------+----+-----
Long Blades    | 2 |  2.9
Dodging        | 2 |  2.3
Fighting       | |  3.5
Stealth        | |  4.8

Action                     |  1- 3 |  4- 6 || total
---------------------------+-------+-------++-------
  Melee: Falchion          |   105 |    18 ||   123
         Punch             |     2 |       ||     2
    Use: Scroll            |     1 |       ||     1
         Potion            |     1 |       ||     1
   Stab: Sleeping          |    10 |     2 ||    12
 Armour: Leather armour    |    30 |     7 ||    37
  Dodge: Dodged            |    63 |    14 ||    77
